Map: Base du roi Sejong EC

Players

zidar - Winner!

  • Race: Zerg Zerg
  • League: Gold
  • Spawn Location: 11:00

Lasar

  • Race: Zerg Zerg
  • League: Silver
  • Spawn Location: 5:00

VOD

Have the link to the VOD?

Description

Time

  • Played on: June 8, 2016, 1:34 p.m.
  • Length: 4:14
Show
View Real Time Build Order
Export as new Build Order

zidar Zerg - Winner!

Build Orders: 1 Base Baneling Bust, Pool Only 

Get SALT Encoding   

  12  0:02  Drone  
  13  0:12  Overlord  
  13  0:18  Drone  
  14  0:22  Extractor  
  14  0:23  Drone  
  14  0:31  Drone  
  14  0:35  Drone  
  17  0:38  Extractor  
  16  0:45  Drone  
  17  0:57  Spawning Pool  
  17  1:04  Overlord  
  16  1:07  Drone  
  17  1:35  Drone  
  18  1:46  Metabolic Boost  
  18  1:47  Queen  
  20  2:01  Zergling x4  
  20  2:02  Zergling x2  
  24  2:15  Zergling x2  
  24  2:26  Baneling Nest  
  23  2:36  Zergling x2  
  23  2:37  Zergling x2  
  25  2:48  Zergling x2  
  26  3:00  Zergling x6  
  29  3:15  Zergling x2  
Show
View Real Time Build Order
Export as new Build Order

Lasar Zerg 

Build Orders: Hatch First 

Get SALT Encoding   

  12  0:01  Drone  
  13  0:12  Overlord  
  13  0:17  Drone  
  14  0:30  Drone  
  14  0:31  Drone  
  16  0:56  Hatchery  
  15  1:12  Drone x3  
  15  1:17  Spawning Pool  
  17  1:25  Drone  
  18  1:29  Extractor  
  17  1:33  Extractor  
  17  1:34  Drone  
  17  1:46  Drone  
  18  1:58  Drone  
  19  2:08  Overlord  
  19  2:09  Drone  
  19  2:11  Queen  
  19  2:12  Queen  
  24  2:16  Metabolic Boost  
  25  2:22  Zergling x2  
  25  2:25  Zergling x2  
  26  2:39  Baneling Nest  
  25  2:45  Zergling x6  
  25  2:49  Drone  
  29  3:01  Drone x2  
  31  3:11  Drone x2  
  33  3:13  Overlord  
  30  3:29  Zergling x6  
  30  3:30  Zergling x4  
  31  3:42  Spine Crawler  
  31  3:44  Spine Crawler  
Tags
 
Add a new tag
Caveats
  • Supply blocks, unpowered buildings, or Contaminate may cause inaccurate times.
  • Supply counts are checked every 10 seconds.